 Dungeon Crawl Stone Soup version 0.29.1-2-gbd0b4ee654 (webtiles) character file.

Game seed: 14390111117621306223

102717 mortz the Fencer (level 16, -7/104 HPs)
             Began as a Gargoyle Monk on Oct 29, 2022.
             Was the Champion of Okawaru.
             Killed from afar by a deep elf knight (22 damage)
             ... with a shard of ice
             ... on level 15 of the Dungeon on Oct 30, 2022.
             The game lasted 02:45:18 (34308 turns).

mortz the Fencer (Gargoyle Monk)                   Turns: 34308, Time: 02:45:18

Health: -7/104     AC: 40    Str: 23    XL:     16   Next: 34%
Magic:  0/17       EV: 11    Int: 15    God:    Okawaru [******]
Gold:   2496       SH:  0    Dex: 19    Spells: 15/15 levels left

rFire   . . .      SeeInvis .   a - +6 triple sword (flame)
rCold   . . .      Faith    .   (shield currently unavailable)
rNeg    + + .      Spirit   +   N - +1 shadow dragon scales
rPois   ∞          Reflect  .   W - +1 hat "Wuchekak" {Will+++ rCorr MP-9 Str+3}
rElec   +          Harm     .   U - +1 cloak "Ikudoim" {Rampage Int+5 Stlth-}
rCorr   +          Rampage  +   r - +2 pair of gloves {Dex+3}
Will    +++++                   h - +2 pair of boots
Stlth   ++++......              S - amulet of guardian spirit
HPRegen 0.27/turn               A - ring of willpower
MPRegen 0.15/turn               p - ring of positive energy

@: flying, hasted, studying Unarmed Combat, invisible, very quick
A: sickness immunity, AC +12, big wings, negative energy resistance 1,
electricity resistance, torment resistance 1, petrification resistance
a: Renounce Religion, Heroism, Finesse, Duel


You were on level 15 of the Dungeon.
You worshipped Okawaru.
Okawaru was exalted by your worship.
You visited 4 branches of the dungeon, and saw 23 of its levels.
You also visited: Gauntlet.

You collected 2594 gold pieces.
You spent 98 gold pieces at shops.

Inventory:

Hand Weapons
 a - a +6 triple sword of flaming (weapon)
 b - a +7 great sword of freezing
 u - a +6 trident of venom
 z - a +2 hand axe of electrocution
Missiles
 c - 5 boomerangs
 y - 6 curare-tipped darts
 I - 2 silver javelins
 R - 9 poisoned darts (quivered)
 X - 6 javelins
Armour
 d - a +2 helmet
 h - a +2 pair of boots (worn)
 l - a +3 troll leather armour {Snorg}
 r - a +2 pair of gloves of dexterity (worn)
 N - +1 shadow dragon scales (worn)
 U - the +1 cloak "Ikudoim" (worn) {Rampage Int+5 Stlth-}
   (You found it in a Gauntlet)

   Int:       It affects your intelligence (+5).
   Rampage:   It bestows one free step when moving towards enemies.
   Stlth:     It makes you less stealthy.
 W - the +1 hat "Wuchekak" (worn) {Will+++ rCorr MP-9 Str+3}
   (Okawaru gifted it to you on level 13 of the Dungeon)

   Str:       It affects your strength (+3).
   MP:        It affects your magic capacity (-9).
   rCorr:     It protects you from acid and corrosion.
   Will:      It greatly increases your willpower.
Jewellery
 p - a ring of positive energy (right hand)
 A - a ring of willpower (left hand)
 D - a ring of fire
 P - the ring of Qyots {rC- Will+ MP+9 Stlth+}
   (You found it on level 7 of the Dungeon)

   [ring of magical power]

   rC:        It makes you vulnerable to cold.
   MP:        It affects your magic capacity (+9).
   Will:      It increases your willpower.
   Stlth:     It makes you more stealthy.
 S - an amulet of guardian spirit (around neck)
 T - the amulet "Weiriywk" {RegenMP rElec rPois rC-}
   (You found it in a Gauntlet)

   [amulet of magic regeneration]

   It increases your rate of magic regeneration.
   rC:        It makes you vulnerable to cold.
   rElec:     It insulates you from electricity.
   rPois:     It protects you from poison.
 Y - the ring of Keiblot {Ice rPois Str+6}
   (You took it off a minotaur in a Gauntlet)

   [ring of ice]

   It enhances your ice magic.
   Str:       It affects your strength (+6).
   rF:        It makes you vulnerable to fire.
   rC:        It protects you from cold.
   rPois:     It protects you from poison.
Wands
 g - a wand of digging (14)
 o - a wand of iceblast (22)
 s - a wand of flame (48)
 B - a wand of paralysis (28)
Scrolls
 k - 2 scrolls of identify
 q - 7 scrolls of teleportation
 t - 4 scrolls of fear
 F - 2 scrolls of poison
 G - 3 scrolls of magic mapping
 O - 6 scrolls of immolation
Potions
 f - 4 potions of might
 j - 4 potions of brilliance
 n - 2 potions of resistance
 v - 2 potions of attraction
 w - 7 potions of curing
 x - 4 potions of lignification
 C - 2 potions of magic
 E - 2 potions of mutation
 K - 2 potions of ambrosia
 L - a potion of berserk rage
Miscellaneous
 e - a condenser vane
 H - a phial of floods
 Z - a condenser vane


   Skills:
 + Level 13.0 Fighting
 + Level 17.7 Long Blades
 + Level 0.3 Axes
 + Level 2.2 Throwing
 + Level 12.0 Armour
 + Level 5.2 Dodging
 + Level 7.5 Stealth
 * Level 13.6 Invocations


You had 15 spell levels left.
You didn't know any spells.
Your spell library contained the following spells:

 Spells                   Type           Power      Damage    Failure   Level
 Beastly Appendage        Tmut           0%         N/A       80%         1
 Sting                    Tmut/Pois      0%         1d3       80%         1
 Ensorcelled Hibernation  Hex/Ice        0%         N/A       91%         2
 Poisonous Vapours        Pois/Air       0%         N/A       91%         2
 Wereblood                Tmut           0%         N/A       91%         2
 Inner Flame              Hex/Fire       0%         N/A       99%         3
 Ozocubu's Armour         Ice            0%         N/A       99%         3
 Spider Form              Tmut/Pois      0%         N/A       99%         3
 Vampiric Draining        Necr           0%         2d6       99%         3
 Anguish                  Hex/Necr       0%         N/A       100%        4
 Cause Fear               Hex            0%         N/A       100%        4
 Olgreb's Toxic Radiance  Pois           0%         N/A       100%        4
 Passage of Golubria      Tloc           0%         N/A       100%        4
 Petrify                  Tmut/Erth      0%         N/A       100%        4
 Agony                    Necr           0%         N/A       100%        5
 Irradiate                Conj/Tmut      0%         3d11      100%        5
 Metabolic Englaciation   Hex/Ice        0%         N/A       100%        5
 Yara's Violent Unravell  Hex/Tmut       0%         3d3       100%        5
 Dragon Form              Tmut           0%         N/A       100%        7
 Ozocubu's Refrigeration  Ice            0%         4d7       100%        7
 Discord                  Hex            0%         N/A       100%        8
 Summon Small Mammal      Summ           Unusable   N/A       N/A         1
 Sublimation of Blood     Necr           Unusable   N/A       N/A         2
 Call Canine Familiar     Summ           Unusable   N/A       N/A         3
 Summon Guardian Golem    Hex/Summ       Unusable   N/A       N/A         3
 Tukima's Dance           Hex            Unusable   N/A       N/A         3
 Simulacrum               Ice/Necr       Unusable   N/A       N/A         6
 Dragon's Call            Summ           Unusable   N/A       N/A         9

Dungeon Overview and Level Annotations

Branches:
Dungeon (15/15) Zot: 24768  Temple (1/1) D:5 Zot: 5935    Lair (5/5) D:8 Zot: 20782
 Shoals (0/4) Lair:3       Spider (0/4) Lair:2        Slime (0/5) Lair:5
    Orc (2/2) D:9 Zot: 9597     Elf (0/3) Orc:2        Vaults (0/5) D:13
Gauntlet (visited)
 Depths: D:15

Altars:
Ashenzari
Cheibriados
Dithmenos
Elyvilon
Fedhas
Gozag
Hepliaklqana
Kikubaaqudgha
Makhleb
Nemelex Xobeh
Okawaru
Qazlal
Ru
Sif Muna
Trog
Uskayaw
Vehumet
Wu Jian
Xom
Yredelemnul
Zin
The Shining One

Shops:
D:5 (   D:8 :   D:13 (   D:14 :   Orc:1 :   Orc:2 ::*(

Portals:
Trove: D:11 (show abyssal rune of Zot)

Annotations:
D:12 2 transporters
Lair:5 1 runed translucent door


Innate Abilities, Weirdness & Mutations

You are immune to sickness and miasma.
Your stone body is resilient. (AC +12)
You are immune to poison.
Your large and strong wings let you fly.
You resist negative energy. (rN+)
You are resistant to electric shocks. (rElec)
You are resistant to unholy torment.
You are immune to petrification.


Message History

The deep elf knight flickers and vanishes!
Deactivating autopickup; reactivate with Ctrl-A.
The deep elf archer shoots an arrow.
The arrow hits you!
The deep elf pyromancer casts a spell.
The deep elf pyromancer blinks!
The red ugly thing basks in the mutagenic energy from its kin and changes!
The cyan ugly thing basks in the mutagenic energy from its kin and changes!
The deep elf archer shoots an arrow.
You barely miss the red ugly thing.
The deep elf archer shoots an arrow.
The arrow misses you.
You barely miss the red ugly thing.
The deep elf archer shoots an arrow.
The arrow hits you!!
* * * LOW HITPOINT WARNING * * *
The red ugly thing attacks as you move away!
The red ugly thing misses you.
The deep elf archer shoots an arrow.
The arrow closely misses you.
The red ugly thing attacks as you move away!
You see here a boulder beetle corpse.
The red ugly thing attacks as you move away!
You barely miss the red ugly thing. The red ugly thing tail-slaps you.
* * * LOW HITPOINT WARNING * * *
You are engulfed in flames!
* * * LOW HITPOINT WARNING * * *
As you read the scroll of teleportation, it crumbles to dust.
You feel strangely unstable. The red ugly thing closely misses you.
The deep elf archer shoots an arrow.
The arrow hits you!
* * * LOW HITPOINT WARNING * * *
You hear a shout! x2
You feel better.
Your surroundings suddenly seem different.
A brown ugly thing and a deep elf knight come into view.
You fade into invisibility!
Your +7 great sword of freezing stops glowing.
Your +6 triple sword of flaming bursts into flame!
a - a +6 triple sword of flaming (weapon)
The deep elf knight shouts!
You feel yourself speed up.
The deep elf knight casts a spell at you.
The shard of ice hits you!!
You die...

#######+
......#
+#...#.#
#.@....#
+#e#...#
..u ..#
##.#. .#
##+#+ #
### #..
#..


You could see a brown ugly thing (wandering, unable to see you) and a deep elf
knight (unable to see you).

Vanquished Creatures
  A quicksilver ooze (Gauntlet)
  A minotaur (Gauntlet)
  Azrael (D:14)
  2 ettins
  Snorg (Lair:3)
  2 boulder beetles
  2 centaur warriors
  3 ogre magi
  3 catoblepae
  8 hydras
  17 two-headed ogres
  A deep troll shaman (Lair:5)
  A tengu warrior (D:15)
  12 death yaks
  The ghost of lotum the Covert, a novice OpEn (D:9)
  2 orc high priests (Orc:2)
  Sonja (D:10)
  2 deep trolls (Orc:1)
  A harpy (shapeshifter) (D:15)
  A deep elf pyromancer (D:15)
  An obsidian statue (D:10)
  3 orc knights
  A lindwurm (Lair:5)
  3 oklob plants (Lair:1)
  An orc sorcerer (Orc:2)
  3 ugly things
  3 cyclopes
  3 manticores
  A black mamba (shapeshifter) (D:15)
  35 elephants
  Joseph (Lair:1)
  2 centaur zombies (D:9)
  8 black mambas
  3 spectral centaurs (D:9)
  11 cane toads
  A torpor snail (Gauntlet)
  2 rime drakes
  3 kobold demonologists
  2 efreet
  2 tengu conjurers (D:13)
  9 komodo dragons
  13 trolls
  A troll (shapeshifter) (D:15)
  3 meliai (D:15)
  2 polar bears
  A hornet (D:7)
  7 slime creatures
  19 blink frogs
  5 dream sheep (Lair:5)
  A jumping spider (Lair:2)
  2 culicivoras (Lair:2)
  A vampire (D:12)
  A centaur simulacrum (D:14)
  5 wyverns
  2 shadows (D:12)
  2 wraiths
  A hog (shapeshifter) (D:14)
  45 yaks
  6 basilisks
  2 fire elementals (D:14)
  13 vampire mosquitoes
  3 steam dragons
  Menkaure (D:7)
  3 wargs (Orc:1)
  Duvessa (D:5)
  2 acid dragons
  15 water moccasins
  2 hell hounds (D:14)
  11 orc warriors
  6 black bears
  23 ogres
  22 wolves
  2 centaurs
  2 phantoms (D:6)
  3 kobold brigands
  A gnoll sergeant (D:9)
  19 bullfrogs
  A necrophage (D:6)
  2 scorpions
  8 wights
  Dowan (D:5)
  12 killer bees
  9 howler monkeys
  6 jellies
  A gnoll bouda (D:9)
  A hound (D:5)
  9 orc priests
  4 iguanas
  18 orc wizards
  A mummy (D:6)
  18 gnolls
  7 adders
  2 ufetubi
  3 worms
  A dart slug (D:1)
  68 orcs
  6 bats
  8 endoplasms
  7 giant cockroaches
  7 goblins
  3 hobgoblins
  11 kobolds
  2 quokkas
  9 ball pythons
  3 frilled lizards (D:3)
  A kobold zombie (D:6)
  3 orc zombies (D:6)
  8 rats
649 creatures vanquished.

Vanquished Creatures (others)
  A kobold (D:14)
  13 bushes (Lair:5)
  41 fungi
  45 plants
100 creatures vanquished.

Grand Total: 749 creatures vanquished

Notes
Turn   | Place    | Note
-------+----------+-------------------------------------------
     0 | D:1      | mortz the Gargoyle Monk began the quest for the Orb.
     0 | D:1      | Reached XP level 1. HP: 14/14 MP: 1/1
   164 | D:1      | Reached XP level 2. HP: 7/19 MP: 2/2
   698 | D:1      | Reached skill level 3 in Long Blades
   743 | D:1      | Reached XP level 3. HP: 15/23 MP: 3/3
  1008 | D:1      | Found a faded altar of an unknown god.
  1966 | D:2      | Reached XP level 4. HP: 27/28 MP: 4/4
  2837 | D:3      | Reached skill level 1 in Armour
  2842 | D:3      | Reached XP level 5. HP: 31/33 MP: 5/5
  3516 | D:4      | Reached skill level 4 in Long Blades
  3684 | D:4      | Reached XP level 6. HP: 38/38 MP: 6/6
  4706 | D:5      | Entered Level 5 of the Dungeon
  4936 | D:5      | Reached skill level 5 in Long Blades
  4964 | D:5      | Reached XP level 7. HP: 25/44 MP: 7/7
  5116 | D:5      | Found Poluj's Weapon Shop.
  5168 | D:5      | Noticed Dowan
  5169 | D:5      | Noticed Duvessa
  5221 | D:5      | Killed Duvessa
  5357 | D:5      | Killed Dowan
  5676 | D:5      | Reached XP level 8. HP: 47/48 MP: 8/8
  5736 | D:5      | Found a staircase to the Ecumenical Temple.
  5751 | D:5      | Reached skill level 5 in Fighting
  5756 | Temple   | Entered the Ecumenical Temple
  5811 | Temple   | Became a worshipper of Warmaster Okawaru
  5811 | Temple   | Reached * piety under Okawaru
  5811 | Temple   | Reached ** piety under Okawaru
  5982 | D:5      | Reached skill level 6 in Long Blades
  6671 | D:6      | Found a blossoming altar of Fedhas.
  6671 | D:6      | Found a stormy altar of Qazlal.
  6735 | D:6      | Reached skill level 1 in Invocations
  7121 | D:6      | Reached skill level 5 in Armour
  7136 | D:6      | Reached skill level 7 in Long Blades
  7243 | D:6      | Reached XP level 9. HP: 52/55 MP: 11/11
  7429 | D:6      | Found a shimmering blue altar of Sif Muna.
  7431 | D:6      | Found an ornate altar of the Wu Jian Council.
  7460 | D:6      | Found a bloodstained altar of Trog.
  7465 | D:6      | Found a hazy altar of Hepliaklqana.
  7487 | D:6      | Reached *** piety under Okawaru
  7987 | D:6      | Reached skill level 8 in Long Blades
  8517 | D:7      | Noticed a hornet
  8526 | D:7      | Killed a hornet
  8528 | D:7      | Identified the ring of Qyots {rC- Will+ MP+9 Stlth+}
  8648 | D:7      | Noticed Menkaure
  8652 | D:7      | Killed Menkaure
  8967 | D:8      | Reached **** piety under Okawaru
  9045 | D:8      | Found a transporter.
  9066 | D:8      | Noticed a two-headed ogre
  9067 | D:8      | Found a transporter.
  9074 | D:8      | Killed a two-headed ogre
  9075 | D:8      | Reached skill level 9 in Long Blades
  9075 | D:8      | Reached XP level 10. HP: 17/61 MP: 13/13
  9299 | D:8      | Found a transporter.
  9301 | D:8      | Found a transporter.
  9546 | D:8      | Reached skill level 5 in Invocations
  9677 | D:8      | Found a staircase to the Lair.
  9864 | D:8      | Found Vil Qomo's Book Shop.
 10272 | D:9      | Noticed a kobold demonologist
 10279 | D:9      | Noticed a soul eater
 10281 | D:9      | Killed a kobold demonologist
 10383 | D:9      | Noticed a two-headed ogre
 10392 | D:9      | Killed a two-headed ogre
 10393 | D:9      | Reached skill level 10 in Long Blades
 10629 | D:9      | Found a runed translucent gate.
 10630 | D:9      | Found a runed translucent gate.
 10630 | D:9      | Found a runed translucent gate.
 10630 | D:9      | Noticed a spectral centaur warrior
 10633 | D:9      | Noticed lotum's ghost (novice OpEn)
 10633 | D:9      | Noticed a spectral centaur warrior
 10634 | D:9      | Noticed a spectral centaur warrior
 10695 | D:9      | Reached ***** piety under Okawaru
 10774 | D:9      | Found a staircase to the Orcish Mines.
 11563 | D:9      | Identified the +0 robe of Distant Worlds {rElec rCorr}
                  | (Okawaru gifted it to you on level 9 of the Dungeon)
 11563 | D:9      | Received a gift from Okawaru
 11570 | D:9      | Reached XP level 11. HP: 57/67 MP: 15/15
 11883 | D:9      | Reached skill level 11 in Long Blades
 11999 | D:9      | Noticed a two-headed ogre
 12011 | D:9      | Killed a two-headed ogre
 12329 | D:10     | Entered Level 10 of the Dungeon
 12329 | D:10     | Noticed Sonja
 12329 | D:10     | Found a glowing golden altar of the Shining One.
 12434 | D:10     | Found a glowing silver altar of Zin.
 12434 | D:10     | Found a shadowy altar of Dithmenos.
 12620 | D:10     | Killed Sonja
 12657 | D:10     | Found a runed translucent door.
 13012 | D:10     | Found a snail-covered altar of Cheibriados.
 13012 | D:10     | Found a sacrificial altar of Ru.
 13182 | D:10     | Reached skill level 5 in Stealth
 13197 | D:10     | Reached skill level 1 in Throwing
 13416 | D:10     | Found a runed translucent door.
 13430 | D:10     | Found a runed translucent door.
 13443 | D:10     | Found a runed translucent door.
 13637 | Lair:1   | Entered Level 1 of the Lair of Beasts
 13637 | Lair:1   | Found a gate leading to a gauntlet.
 13645 | Gauntlet | Entered a Gauntlet
 13645 | Gauntlet | Found a transporter.
 13647 | Gauntlet | Noticed a ghost crab
 13648 | Gauntlet | Found a transporter.
 13650 | Gauntlet | Noticed a quicksilver ooze
 13651 | Gauntlet | Found a transporter.
 13654 | Gauntlet | Found a transporter.
 13655 | Gauntlet | Found a transporter.
 13656 | Gauntlet | Found a transporter.
 13657 | Gauntlet | Found a large runed translucent door.
 13658 | Gauntlet | Found a large runed translucent door.
 13659 | Gauntlet | Found a large runed translucent door.
 13659 | Gauntlet | Found a large runed translucent door.
 13659 | Gauntlet | Found a runed translucent door.
 13660 | Gauntlet | Found a large runed translucent door.
 13661 | Gauntlet | Found a large runed translucent door.
 13662 | Gauntlet | Found a large runed translucent door.
 13662 | Gauntlet | Found a large runed translucent door.
 13663 | Gauntlet | Found a runed translucent door.
 13663 | Gauntlet | Found a runed translucent gate.
 13663 | Gauntlet | Found a runed translucent gate.
 13663 | Gauntlet | Found a runed translucent gate.
 13664 | Gauntlet | Noticed an eight-headed hydra
 13665 | Gauntlet | Found a transporter.
 13665 | Gauntlet | Noticed a death yak
 13665 | Gauntlet | Noticed a death yak
 13665 | Gauntlet | Noticed a death yak
 13675 | Gauntlet | Found a transporter.
 13681 | Gauntlet | Noticed a sixfirhy
 13685 | Gauntlet | Found a transporter.
 13685 | Gauntlet | Noticed a sixfirhy
 13688 | Gauntlet | Noticed a sixfirhy
 13692 | Gauntlet | Noticed a sixfirhy
 13702 | Gauntlet | Found a transporter.
 13706 | Gauntlet | Found a transporter.
 13706 | Gauntlet | Noticed a necromancer
 13709 | Gauntlet | Noticed a death yak
 13711 | Gauntlet | Noticed a death yak
 13711 | Gauntlet | Noticed a death yak
 13712 | Gauntlet | Noticed a death yak
 13712 | Gauntlet | Noticed a death yak
 13712 | Gauntlet | Noticed a death yak
 13714 | Gauntlet | Found a transporter.
 13780 | Gauntlet | Found a large runed translucent door.
 13781 | Gauntlet | Found a large runed translucent door.
 13782 | Gauntlet | Found a large runed translucent door.
 13782 | Gauntlet | Found a large runed translucent door.
 13783 | Gauntlet | Found a large runed translucent door.
 13784 | Gauntlet | Found a large runed translucent door.
 13785 | Gauntlet | Found a large runed translucent door.
 13785 | Gauntlet | Found a large runed translucent door.
 13909 | Gauntlet | Killed a quicksilver ooze
 13916 | Gauntlet | Identified the amulet "Weiriywk" {RegenMP rElec rPois rC-}
 14113 | Gauntlet | Killed a three-headed hydra
 14115 | Gauntlet | Identified the +1 cloak "Ikudoim" {Rampage Int+5 Stlth-}
 14342 | Gauntlet | Identified the +4 war axe of Insufficient Pleasure {freeze,
                  | *Noise Str+2 Int+5}
 14342 | Gauntlet | Identified the ring of Keiblot {Ice rPois Str+6}
 14342 | Gauntlet | Noticed a minotaur
 14359 | Gauntlet | Killed a minotaur
 14359 | Gauntlet | Received a gift from Okawaru
 14360 | Gauntlet | Reached skill level 12 in Long Blades
 14649 | Lair:1   | Reached XP level 12. HP: 33/75 MP: 18/18
 15178 | Lair:1   | Identified the -2 pair of gloves of Impressiveness {Will+
                  | Str+3} (Okawaru gifted it to you on level 1 of the Lair of
                  | Beasts)
 15178 | Lair:1   | Received a gift from Okawaru
 15596 | Lair:1   | Noticed Joseph
 15607 | Lair:1   | Killed Joseph
 16205 | Lair:2   | Reached skill level 13 in Long Blades
 16306 | Lair:2   | Noticed a catoblepas
 16321 | Lair:2   | Killed a catoblepas
 16805 | Lair:2   | Reached XP level 13. HP: 80/81 MP: 20/20
 16883 | Lair:2   | Reached ****** piety under Okawaru
 16894 | Lair:2   | Identified the +0 pair of gloves of the Stone Wall {Contam
                  | Int+4 Dex+3} (Okawaru gifted it to you on level 2 of the
                  | Lair of Beasts)
 16894 | Lair:2   | Received a gift from Okawaru
 16895 | Lair:2   | Found the +8 whip "Snakebite" {venom, curare, rPois}
 17333 | Lair:2   | Reached skill level 10 in Fighting
 17540 | Lair:2   | Found a hole to the Spider Nest.
 17954 | Lair:3   | Reached skill level 14 in Long Blades
 17964 | Lair:3   | Found a staircase to the Shoals.
 17973 | Lair:3   | Reached skill level 10 in Invocations
 18098 | Lair:3   | Identified the +2 robe of Egalitarianism {Str+4}
 18797 | Lair:3   | Noticed Snorg
 18809 | Lair:3   | Killed Snorg
 19600 | Lair:4   | Received a gift from Okawaru
 19890 | Lair:4   | Identified the +1 pair of gloves of Evolution {Dex+2}
                  | (Okawaru gifted it to you on level 4 of the Lair of Beasts)
 19890 | Lair:4   | Received a gift from Okawaru
 19928 | Lair:2   | Gained mutation: Your large and strong wings let you fly.
                  | [Gargoyle growth]
 19928 | Lair:2   | Reached XP level 14. HP: 46/88 MP: 22/22
 20681 | Lair:5   | Entered Level 5 of the Lair of Beasts
 20799 | Lair:4   | Reached skill level 15 in Long Blades
 20799 | Lair:4   | Reached skill level 10 in Armour
 22369 | Lair:5   | Found a runed translucent door.
 22413 | Lair:5   | Received a gift from Okawaru
 22695 | Lair:5   | Noticed an acid blob
 22696 | Lair:5   | Found a staircase to the Slime Pits.
 22696 | Lair:5   | Noticed an acid blob
 22964 | Lair:5   | Reached skill level 16 in Long Blades
 23836 | D:10     | Received a gift from Okawaru
 23946 | D:9      | Reached XP level 15. HP: 95/95 MP: 24/24
 23963 | D:9      | Killed lotum's ghost
 24034 | D:11     | Found a portal to a secret trove of treasure.
 25252 | D:12     | Found a transporter.
 25666 | D:12     | Found a transporter.
 25948 | D:12     | Identified the +0 helmet "Oruocey" {+Blink rN+ Int+4}
                  | (Okawaru gifted it to you on level 12 of the Dungeon)
 25948 | D:12     | Received a gift from Okawaru
 26242 | Orc:1    | Entered Level 1 of the Orcish Mines
 26686 | Orc:1    | Reached skill level 5 in Dodging
 26715 | Orc:1    | Found Ganlour's Book Emporium.
 26824 | Orc:2    | Entered Level 2 of the Orcish Mines
 26855 | Orc:2    | Found Olomehoxt's Book Shoppe.
 27114 | Orc:1    | Reached skill level 17 in Long Blades
 27422 | Orc:1    | HP: 3/96 [ettin/+0 dire flail (14)]
 28364 | Orc:2    | Found Goepn's General Store.
 28365 | Orc:2    | Found Vucwuru's Antique Weapon Shop.
 28369 | Orc:2    | Found a staircase to the Elven Halls.
 28372 | Orc:2    | Bought a potion of heal wounds for 70 gold pieces
 28372 | Orc:2    | Bought a scroll of identify for 28 gold pieces
 28376 | Orc:2    | Found Ykow's Book Emporium.
 29436 | D:13     | Found Naezaati's Weapon Emporium.
 29613 | D:13     | Identified the +1 hat "Wuchekak" {Will+++ rCorr MP-9 Str+3}
                  | (Okawaru gifted it to you on level 13 of the Dungeon)
 29613 | D:13     | Received a gift from Okawaru
 29656 | D:13     | Found a gate to the Vaults.
 29694 | D:13     | Reached XP level 16. HP: 66/103 MP: 11/25
 31033 | D:14     | Found a stormy altar of Qazlal.
 31035 | D:14     | Noticed Azrael
 31073 | D:14     | Killed Azrael
 31404 | D:14     | Found Kahen's Book Shop.
 31563 | D:14     | Got the Parchment of the Bloody Glacier
 32071 | D:15     | Entered Level 15 of the Dungeon
 33129 | D:14     | Found a stormy altar of Qazlal.
 33582 | D:14     | Found Kahen's Book Shop.
 34280 | D:15     | HP: 2/104 [deep elf archer/arrow (12)]
 34308 | D:15     | Killed from afar by a deep elf knight

Illustrated notes

Levels and vault maps discovered:
D:1:      tarquinn_simple_flora_water_b, layout_basic,
          shapermc_ecumenical_altar_notcrosses, chequers_garden,
          chequers_serial_rivers_small_a
D:2:      layout_loops_ring
D:3:      layout_loops_cross
D:4:      cheibrodos_old_hovel, layout_loops_ring, serial_bayou_crossing
D:5:      layout_layer_cave, temple_fountains, serial_shops, nicolae_shop_stone,
          uniq_duvessa
D:6:      kennysheep_six_static_rooms, layout_loops_ring,
          grunt_temple_overflow_forces_of_nature,
          nicolae_overflow_hidden_temple, chequers_serial_rivers_micro_d,
          minmay_mini_ossuary
D:7:      layout_loops_cross, uniq_menkaure
D:8:      layout_basic, lair_entry_dummy, serial_shops, kennysheep_mini,
          minmay_misc_feat_room, serial_bayou_pond_d, chequers_avenue,
          chequers_arboretum, nicolae_transporter_circle
D:9:      minmay_skewed_foursquare, layout_loops_ring,
          minmay_orc_entry_temple_large, gammafunk_ghost_necromancy
D:10:     layout_gridville, mainiacjoe_overflow_tiny_flanked,
          grunt_temple_overflow_open, minmay_strange_pillars,
          minmay_statue_crystal_thing, uniq_sonja
D:11:     layout_long_grid, nicolae_trove_entry_isolated
D:12:     gammafunk_cloud_chamber, layout_gridville
D:13:     layout_loops_corners, david_vaults_2, serial_shops,
          nicolae_shop_bloodbath_and_beyond, grunt_ministairs_12
D:14:     layout_roguey, serial_shops, shop, nicolae_qazlal_general_emergency,
          uniq_azrael
D:15:     hangedman_slaughterboxes
Temple:   nicolae_temple_ecumenical_triangle
Lair:1:   dpeg_oklob_gauntlet, layout_gridlike, nicolae_volcano_entry_s_turn,
          gauntlet_entry_generic, beast_lair_carwin_8, lemuel_fruit_fields,
          uniq_joseph
Lair:2:   minmay_guarded_unrand_snakebite, layout_small_grid,
          spider_nest_entry_funnel_web
Lair:3:   layout_cave_pods, elwin_shoals_entry_rocks, serial_bayou_shore_a,
          uniq_snorg
Lair:4:   layout_cave_pods, chequers_serial_rivers_micro_e
Lair:5:   grunt_lair_end_beastmaster, layout_small_grid, slime_entry_2,
          minmay_hedge_maze, st_stairs_12
Orc:1:    layout_caves, serial_shops, nicolae_shop_behind_doors
Orc:2:    st_orc_open, layout_caves, bh_open_orc_temple

Skill      XL: |  1  2  3  4  5  6  7  8  9 10 11 12 13 14 15 16 |
---------------+-------------------------------------------------+-----
Long Blades    | 3 4 5 7 9 10 12 13 14 16 17 | 17.7
Dodging        | 3 4 5 |  5.2
Armour         | 1 2 4 5 6 7 8 9 10 11 12 | 12.0
Fighting       | 4 5 6 7 8 9 10 11 12 13 | 13.0
Stealth        | 3 4 5 6 7 |  7.5
Invocations    | 3 4 6 8 9 10 12 13 | 13.6
Throwing       | 1 2 |  2.2
Axes           | |  0.3

Action                   |  1- 3 |  4- 6 |  7- 9 | 10-12 | 13-15 | 16-18 || total
-------------------------+-------+-------+-------+-------+-------+-------++-------
Melee: Falchion          |   149 |   235 |   181 |    11 |    66 |    14 ||   656
       Punch             |     1 |     1 |       |       |     2 |       ||     4
       Hand axe          |       |    10 |       |       |       |       ||    10
       Great sword       |       |       |   108 |   489 |   611 |    37 ||  1245
       Triple sword      |       |       |       |       |   384 |   144 ||   528
Throw: Stone             |     9 |     7 |       |       |       |       ||    16
       Dart              |       |       |       |     7 |     9 |     7 ||    23
       Javelin           |       |       |       |       |    19 |       ||    19
Invok: Finesse           |       |       |       |     3 |     1 |       ||     4
       Heroism           |       |       |       |       |       |     1 ||     1
Evoke: Wand              |       |       |       |     2 |       |     1 ||     3
  Use: Scroll            |     3 |    11 |    11 |     8 |    10 |     7 ||    50
       Potion            |       |     1 |       |     3 |     3 |     7 ||    14
 Stab: Sleeping          |     4 |     1 |     4 |    14 |    20 |     4 ||    47
       Distracted        |     1 |       |       |     2 |     5 |     4 ||    12
       Petrified         |       |       |       |       |       |     2 ||     2
Armor: Robe              |    48 |       |       |       |       |       ||    48
       Scale mail        |    11 |    77 |       |       |       |       ||    88
       Ring mail         |       |    47 |   128 |       |       |       ||   175
       Plate armour      |       |       |    19 |       |       |       ||    19
       Shadow dragon sca |       |       |    18 |   350 |   969 |   222 ||  1559
Dodge: Dodged            |   108 |   101 |   152 |   232 |   647 |   135 ||  1375
